SAAA
HIALEAH DODOS @ VERMONT LAKE MONSTERS
07/25/2042
 
TOP OF THE 1ST
Hialeah Dodos batting - Pitching for Vermont Lake Monsters : RHP Bob Hollingsworth
Pitching: RHP Bob Hollingsworth
Batting: RHB Sergio San Martín 0-0: Called Strike
0-1: Swinging Strike
0-2: SINGLE (Flyball, 8LS, EV 92.5 MPH)
Batting: LHB Richard Edwards 0-0: Ball
1-0: Ball
2-0: Fielders Choice at 2nd, 4-6 (Groundball, 4, EV 101.9 MPH)
Batting: RHB Juan Reyes 0-0: Called Strike
0-1: Foul Ball, location: 2F
0-2: Ball
1-2: Ball
2-2: Ball
Wild Pitch!
Richard Edwards to second
3-2: Strikes out swinging
Batting: RHB Mulia Muljana 0-0: Called Strike
0-1: Ball
1-1: Ball
2-1: Swinging Strike
2-2: Fly out, F8 (Flyball, 8RD, EV 108.1 MPH)
Top of the 1st over - 0 runs, 1 hit, 0 errors, 1 left on base; Hialeah 0 - Vermont 0
BOTTOM OF THE 1ST
Vermont Lake Monsters batting - Pitching for Hialeah Dodos : RHP César Soto
Pitching: RHP César Soto
Batting: RHB Wally Hill 0-0: Ball
1-0: Called Strike
1-1: Ground out 4-3 (Groundball, 4, EV 94.4 MPH)
Batting: SHB Enrique Martínez 0-0: SINGLE (Groundball, 6M, EV 83.1 MPH) (infield hit)
Batting: LHB Jiro Miyake 0-0: Called Strike
0-1: Grounds into double play, 4-6-3 (Groundball, 34, EV 88.8 MPH)
Bottom of the 1st over - 0 runs, 1 hit, 0 errors, 0 left on base; Hialeah 0 - Vermont 0
TOP OF THE 2ND
Hialeah Dodos batting - Pitching for Vermont Lake Monsters : RHP Bob Hollingsworth
Batting: RHB Alfonso Cabedo 0-0: Ball
1-0: Called Strike
1-1: Fly out, F7 (Flyball, 7, EV 95.6 MPH)
Batting: LHB Ramón Morterero 0-0: Called Strike
0-1: Called Strike
0-2: Ball
1-2: Ball
2-2: Fly out, F7 (Flyball, 7LSF, EV 96.2 MPH)
Batting: RHB Chrysler Rodriguez 0-0: Called Strike
0-1: Ball
1-1: Foul Ball, location: 2F
1-2: Ball
2-2: Ground out 6-3 (Groundball, 6, EV 96.9 MPH)
Top of the 2nd over - 0 runs, 0 hits, 0 errors, 0 left on base; Hialeah 0 - Vermont 0
BOTTOM OF THE 2ND
Vermont Lake Monsters batting - Pitching for Hialeah Dodos : RHP César Soto
Batting: LHB Todd Strachota 0-0: Fly out, F8 (Line Drive, 8LM, EV 98.8 MPH)
Batting: RHB Dragoljub Kandic 0-0: Ball
1-0: Called Strike
1-1: Ball
2-1: Called Strike
2-2: Foul Ball, location: 2F
2-2: Foul Ball, location: 2F
2-2: Foul Ball, location: 2F
2-2: Ground out 4-3 (Groundball, 4, EV 86.9 MPH)
Batting: SHB Senthamilselvi Manohoran 0-0: Ball
1-0: Swinging Strike
1-1: Ball
2-1: Swinging Strike
2-2: Foul Ball, location: 2F
2-2: Ball
3-2: Strikes out swinging
Bottom of the 2nd over - 0 runs, 0 hits, 0 errors, 0 left on base; Hialeah 0 - Vermont 0
TOP OF THE 3RD
Hialeah Dodos batting - Pitching for Vermont Lake Monsters : RHP Bob Hollingsworth
Batting: LHB Gabriel Montoya 0-0: Ball
1-0: Foul Ball, location: 2F
1-1: Ball
2-1: Foul Ball, location: 2F
2-2: Fly out, F7 (Flyball, 7S, EV 89.4 MPH)
Batting: SHB Xavier Mercier 0-0: Called Strike
0-1: Called Strike
0-2: Strikes out swinging
Batting: RHB Sergio San Martín 0-0: Ball
1-0: Ball
2-0: Fly out, F6 (Popup, 56, EV 75.6 MPH)
Top of the 3rd over - 0 runs, 0 hits, 0 errors, 0 left on base; Hialeah 0 - Vermont 0
BOTTOM OF THE 3RD
Vermont Lake Monsters batting - Pitching for Hialeah Dodos : RHP César Soto
Batting: RHB Mark Kirk 0-0: Ball
1-0: Ground out 6-3 (Groundball, 56, EV 98.8 MPH)
Batting: RHB Meshach Ashpenaz 0-0: Ball
1-0: Fly out, F4 (Flyball, 34D, EV 81.2 MPH)
Batting: SHB Junya Furuya 0-0: Foul Ball, location: 2F
0-1: Ball
1-1: Swinging Strike
1-2: Strikes out looking
Bottom of the 3rd over - 0 runs, 0 hits, 0 errors, 0 left on base; Hialeah 0 - Vermont 0
TOP OF THE 4TH
Hialeah Dodos batting - Pitching for Vermont Lake Monsters : RHP Bob Hollingsworth
Batting: LHB Richard Edwards 0-0: Called Strike
0-1: Ground out U3 (Groundball, 34, EV 100.6 MPH)
Batting: RHB Juan Reyes 0-0: Swinging Strike
0-1: Foul Ball, location: 2F
0-2: Foul Ball, location: 2F
0-2: Ball
1-2: Strikes out swinging
Batting: RHB Mulia Muljana 0-0: Ball
1-0: SINGLE (Groundball, 5S, EV 72.5 MPH) (infield hit)
Batting: RHB Alfonso Cabedo 0-0: Swinging Strike
0-1: Swinging Strike
0-2: Ball
1-2: Ball
2-2: Foul Ball, location: 2F
2-2: Foul Ball, location: 2F
2-2: Ball
3-2: Base on Balls
Mulia Muljana to second
Batting: LHB Ramón Morterero 0-0: Called Strike
0-1: Swinging Strike
0-2: Ball
Wild Pitch!
Mulia Muljana to third
Alfonso Cabedo to second
1-2: Ball
2-2: Foul Ball, location: 2F
2-2: Ball
3-2: Fly out, F9 (Flyball, 89M, EV 93.8 MPH)
Top of the 4th over - 0 runs, 1 hit, 0 errors, 2 left on base; Hialeah 0 - Vermont 0
BOTTOM OF THE 4TH
Vermont Lake Monsters batting - Pitching for Hialeah Dodos : RHP César Soto
Batting: RHB Wally Hill 0-0: Ball
1-0: Called Strike
1-1: Called Strike
1-2: Strikes out swinging
Batting: SHB Enrique Martínez 0-0: Ball
1-0: Ball
2-0: Ball
3-0: Called Strike
3-1: Base on Balls
Batting: LHB Jiro Miyake 0-0: Foul Ball, location: 2F
0-1: Ball
1-1: Grounds into double play, 4-6-3 (Groundball, 4, EV 85.6 MPH)
Bottom of the 4th over - 0 runs, 0 hits, 0 errors, 0 left on base; Hialeah 0 - Vermont 0
TOP OF THE 5TH
Hialeah Dodos batting - Pitching for Vermont Lake Monsters : RHP Bob Hollingsworth
Batting: RHB Chrysler Rodriguez 0-0: Called Strike
0-1: Foul Ball, location: 2F
0-2: Fly out, F5 (Popup, 15S, EV 90.6 MPH)
Batting: LHB Gabriel Montoya 0-0: Ball
1-0: Foul Ball, location: 2F
1-1: Ball
2-1: Foul Ball, location: 2F
2-2: Foul Ball, location: 2F
2-2: Ball
3-2: Base on Balls
Batting: SHB Xavier Mercier 0-0: Ball
Wild Pitch!
Gabriel Montoya to second
1-0: Foul Ball, location: 2F
1-1: DOUBLE (Flyball, 8LXD, EV 101.9 MPH)
Gabriel Montoya scores
Batting: RHB Sergio San Martín 0-0: Ball
1-0: Ball
2-0: Called Strike
2-1: Ground out 5-3 (Groundball, 5L, EV 108.1 MPH)
Batting: LHB Richard Edwards 0-0: Ball
1-0: Ball
2-0: Swinging Strike
2-1: Ball
3-1: Called Strike
3-2: Base on Balls
Batting: RHB Juan Reyes 0-0: Foul Ball, location: 2F
0-1: Ball
1-1: Ball
2-1: Fly out, F7 (Flyball, 7, EV 83.8 MPH)
Top of the 5th over - 1 run, 1 hit, 0 errors, 2 left on base; Hialeah 1 - Vermont 0
BOTTOM OF THE 5TH
Vermont Lake Monsters batting - Pitching for Hialeah Dodos : RHP César Soto
Batting: LHB Todd Strachota 0-0: Ball
1-0: Ball
2-0: Called Strike
2-1: Fly out, F8 (Flyball, 8RS, EV 84.4 MPH)
Batting: RHB Dragoljub Kandic 0-0: Called Strike
0-1: Foul Ball, location: 2F
0-2: SINGLE (Groundball, 56D, EV 102.5 MPH)
Batting: SHB Senthamilselvi Manohoran 0-0: Called Strike
0-1: Foul Ball, location: 2F
0-2: Ball
1-2: Ball
2-2: Foul Ball, location: 2F
2-2: Ball
3-2: SINGLE (Line Drive, 56D, EV 106.9 MPH)
Dragoljub Kandic to second
Batting: RHB Mark Kirk 0-0: SINGLE (Line Drive, 9S, EV 106.9 MPH)
Dragoljub Kandic to third
Senthamilselvi Manohoran to second
Pitching: RHP Nam Yee Yong
Batting: RHB Meshach Ashpenaz 0-0: Called Strike
0-1: Foul Ball, location: 2F
0-2: SINGLE (Line Drive, 4MD, EV 104.4 MPH)
Dragoljub Kandic scores
Senthamilselvi Manohoran to third
Mark Kirk to second
Runner from 3rd tries for Home, SAFE, throw by CF to home
Batting: SHB Junya Furuya 0-0: Called Strike
Mark Kirk steals 3rd, throwing error, E2
Mark Kirk scores
Meshach Ashpenaz to third
0-1: Called Strike
0-2: Strikes out looking
Batting: RHB Wally Hill 0-0: Called Strike
0-1: Foul Ball, location: 2F
0-2: Foul Ball, location: 2F
0-2: Ground out 4-3 (Groundball, 4MS, EV 70.0 MPH)
Bottom of the 5th over - 3 runs, 4 hits, 1 error, 1 left on base; Hialeah 1 - Vermont 3
TOP OF THE 6TH
Hialeah Dodos batting - Pitching for Vermont Lake Monsters : RHP Bob Hollingsworth
Pitching: RHP Juan Santos
Batting: RHB Mulia Muljana 0-0: SINGLE (Groundball, 34, EV 102.5 MPH) (infield hit)
Batting: RHB Alfonso Cabedo 0-0: Ball
1-0: Swinging Strike
1-1: Ball
2-1: Foul Ball, location: 2F
2-2: Strikes out swinging
Batting: LHB Ramón Morterero 0-0: Foul Ball, location: 2F
0-1: Called Strike
0-2: Foul Ball, location: 2F
0-2: Foul Ball, location: 2F
0-2: 2-RUN HOME RUN (Flyball, 7D, EV 97.5 MPH), Distance : 374 ft
Batting: RHB Chrysler Rodriguez 0-0: Ground out 5-3 (Groundball, 5, EV 91.2 MPH)
Batting: LHB Gabriel Montoya 0-0: Ball
1-0: Called Strike
1-1: Foul Ball, location: 2F
1-2: Ball
2-2: Ball
3-2: Ground out 4-3 (Groundball, 4, EV 81.9 MPH)
Top of the 6th over - 2 runs, 2 hits, 0 errors, 0 left on base; Hialeah 3 - Vermont 3
BOTTOM OF THE 6TH
Vermont Lake Monsters batting - Pitching for Hialeah Dodos : RHP Nam Yee Yong
Batting: SHB Enrique Martínez 0-0: SINGLE (Groundball, 6, EV 100.6 MPH) (infield hit)
Batting: LHB Jiro Miyake 0-0: Ball
1-0: Fly out, F3 (Line Drive, 4, EV 62.5 MPH)
Batting: LHB Todd Strachota 0-0: Called Strike
Enrique Martínez steals 2nd base
0-1: Foul Ball, location: 2F
0-2: Strikes out swinging
Batting: RHB Dragoljub Kandic 0-0: Ball
1-0: Foul Ball, location: 2F
1-1: Ball
2-1: Foul Ball, location: 2F
2-2: 2-RUN HOME RUN (Flyball, 7D, EV 91.9 MPH), Distance : 367 ft
Batting: SHB Senthamilselvi Manohoran 0-0: Ball
1-0: Ball
2-0: Ball
3-0: Called Strike
3-1: Foul Ball, location: 2F
3-2: Foul Ball, location: 2F
3-2: SINGLE (Line Drive, 8LM, EV 91.2 MPH)
Batting: RHB Mark Kirk 0-0: Fly out, F8 (Flyball, 8RM, EV 88.8 MPH)
Bottom of the 6th over - 2 runs, 3 hits, 0 errors, 1 left on base; Hialeah 3 - Vermont 5
TOP OF THE 7TH
Hialeah Dodos batting - Pitching for Vermont Lake Monsters : RHP Juan Santos
Pitching: RHP Mike Dean
Batting: SHB Xavier Mercier 0-0: Ball
1-0: Called Strike
1-1: Ball
2-1: SINGLE (Line Drive, 78S, EV 103.8 MPH)
Batting: RHB Sergio San Martín 0-0: Ball
1-0: Foul Ball, location: 2F
1-1: Ball
2-1: Foul Ball, location: 2F
2-2: Foul Ball, location: 2F
2-2: Foul Ball, location: 2F
2-2: Ball
3-2: Base on Balls
Xavier Mercier to second
Batting: LHB Richard Edwards 0-0: Ground out 6-3 (Groundball, 6, EV 85.6 MPH)
Xavier Mercier to third
Sergio San Martín to second
Batting: RHB Juan Reyes 0-0: Swinging Strike
0-1: Foul Ball, location: 2F
0-2: Ball
1-2: Foul Ball, location: 2F
1-2: Strikes out swinging
Batting: RHB Mulia Muljana 0-0: Fly out, F8 (Flyball, 89M, EV 90.6 MPH)
Top of the 7th over - 0 runs, 1 hit, 0 errors, 2 left on base; Hialeah 3 - Vermont 5
BOTTOM OF THE 7TH
Vermont Lake Monsters batting - Pitching for Hialeah Dodos : RHP Nam Yee Yong
Batting: RHB Meshach Ashpenaz 0-0: Ball
1-0: Ball
2-0: Foul Ball, location: 2F
2-1: Swinging Strike
2-2: Ball
3-2: Strikes out looking
Batting: SHB Junya Furuya 0-0: Foul Ball, location: 2F
0-1: Foul Ball, location: 2F
0-2: Ball
1-2: Ball
2-2: Ball
3-2: Reached on error, E4 (Groundball, 4, EV 106.2 MPH)
Pitching: RHP Alfredo Franco
Batting: RHB Wally Hill 0-0: Swinging Strike
0-1: Fly out, F9 (Flyball, 9, EV 93.1 MPH)
Batting: SHB Enrique Martínez 0-0: Ball
1-0: Called Strike
1-1: Called Strike
1-2: Strikes out swinging
Bottom of the 7th over - 0 runs, 0 hits, 1 error, 1 left on base; Hialeah 3 - Vermont 5
TOP OF THE 8TH
Hialeah Dodos batting - Pitching for Vermont Lake Monsters : RHP Mike Dean
Batting: RHB Alfonso Cabedo 0-0: Ball
1-0: Swinging Strike
1-1: Foul Ball, location: 2F
1-2: Foul Ball, location: 2F
1-2: Reached on error, E8 (Flyball, 8RXD, EV 86.2 MPH)
Batting: LHB Ramón Morterero 0-0: Fly out, F5 (Flyball, 5D, EV 83.1 MPH)
Batting: RHB Chrysler Rodriguez 0-0: Ball
1-0: Foul Ball, location: 2F
1-1: Ball
2-1: Swinging Strike
2-2: Foul Ball, location: 2F
2-2: Fielders Choice at 2nd, 1-4 (Groundball, 15, EV 64.4 MPH)
Batting: LHB Gabriel Montoya 0-0: Called Strike
0-1: Ball
1-1: Foul Ball, location: 2F
1-2: Foul Ball, location: 2F
1-2: Foul Ball, location: 2F
1-2: Strikes out swinging
Top of the 8th over - 0 runs, 0 hits, 1 error, 1 left on base; Hialeah 3 - Vermont 5
BOTTOM OF THE 8TH
Vermont Lake Monsters batting - Pitching for Hialeah Dodos : RHP Alfredo Franco
Batting: LHB Jiro Miyake 0-0: Ball
1-0: Called Strike
1-1: Ball
2-1: Ball
3-1: Swinging Strike
3-2: Base on Balls
Batting: LHB Todd Strachota 0-0: Ball
1-0: Ball
2-0: Ball
3-0: Base on Balls
Jiro Miyake to second
Batting: RHB Dragoljub Kandic 0-0: Ball
1-0: Swinging Strike
1-1: Ball
2-1: Fly out, F8 (Flyball, 8RD, EV 99.4 MPH)
Batting: SHB Senthamilselvi Manohoran 0-0: Ball
1-0: Ball
2-0: Called Strike
2-1: Ball
3-1: Base on Balls
Jiro Miyake to third
Todd Strachota to second
Batting: RHB Mark Kirk 0-0: Ball
1-0: Ball
2-0: SINGLE (Groundball, 56D, EV 96.2 MPH)
Jiro Miyake scores
Todd Strachota to third
Senthamilselvi Manohoran to second
Batting: RHB Meshach Ashpenaz 0-0: Fly out, F8 (Flyball, 8RD, EV 100.0 MPH)
Runner from 3rd tags up, SCORES, throw by CF
Senthamilselvi Manohoran to third
Batting: SHB Junya Furuya 0-0: SINGLE (Groundball, 6D, EV 97.5 MPH)
Senthamilselvi Manohoran scores
Mark Kirk to second
Batting: RHB Wally Hill 0-0: Ball
1-0: Ball
2-0: Foul Ball, location: 2F
2-1: Swinging Strike
2-2: Foul Ball, location: 2F
2-2: Ball
3-2: Ground out 5-3 (Groundball, 5, EV 106.2 MPH)
Bottom of the 8th over - 3 runs, 2 hits, 0 errors, 2 left on base; Hialeah 3 - Vermont 8
TOP OF THE 9TH
Hialeah Dodos batting - Pitching for Vermont Lake Monsters : RHP Mike Dean
Batting: SHB Xavier Mercier 0-0: Ball
1-0: Ball
2-0: Foul Ball, location: 2F
2-1: Fly out, F7 (Line Drive, 7, EV 102.5 MPH)
Batting: RHB Sergio San Martín 0-0: Ball
1-0: Ball
2-0: Swinging Strike
2-1: Foul Ball, location: 2F
2-2: Strikes out swinging
Pitching: LHP Jesús Fregaso
Batting: LHB Richard Edwards 0-0: Foul Ball, location: 2F
0-1: Ball
1-1: Called Strike
1-2: Ground out 6-3 (Groundball, 6, EV 106.9 MPH)
Top of the 9th over - 0 runs, 0 hits, 0 errors, 0 left on base; Hialeah 3 - Vermont 8
Friday, March 26th, 2021 - OOTP Baseball 20.8 Build 74